 Dungeon Crawl Stone Soup version 0.30-a0-782-ge64f9170bb (webtiles) character file.

Game seed: 18313414662388355186

513 tilp the Slasher (level 7, -4/60 HPs)
             Began as a Meteoran Fighter on Mar 15, 2023.
             Slain by an ogre
             ... wielding a +0 giant club
              (17 damage)
             ... on level 4 of the Dungeon.
             The game lasted 00:06:58 (1564 turns).

tilp the Slasher (Meteoran Fighter)                 Turns: 1564, Time: 00:06:59

Health: -4/60      AC:  8    Str: 17    XL:     7   Next: 72%
Magic:  8/8        EV: 10    Int:  9    God:
Gold:   127        SH:  5    Dex: 17    Spells: 6/6 levels left

rFire   . . .      SeeInvis .    a - +0 long sword
rCold   . . .      Faith    .    c - +0 buckler
rNeg    . . .      Spirit   .    b - +0 scale mail
rPois   .          Reflect  .    o - +0 helmet
rElec   .          Harm     .    (no cloak)
rCorr   .          Rampage  .    (no gloves)
Will    .....                    (no boots) Stlth
                                 (no amulet)
HPRegen 0.30/turn                (no ring)
MPRegen 0.11/turn                (no ring)

@: glowing
A: sense surroundings 1, otherworldly, glowing, explore regen
a: no special abilities


You were on level 4 of the Dungeon.
You visited 1 branch of the dungeon, and saw 4 of its levels.

You collected 127 gold pieces.

Inventory:

Hand Weapons
 a - a +0 long sword (weapon)
 h - a +0 dagger of speed
Missiles
 f - 19 stones (quivered)
 m - 3 boomerangs
 p - 2 poisoned darts
Armour
 b - a +0 scale mail (worn)
 c - a +0 buckler (worn)
 o - a +0 helmet (worn)
Wands
 d - a wand of flame (23)
Scrolls
 g - a scroll of fog
 n - 2 scrolls of immolation
Potions
 e - a potion of degeneration
 i - a potion of magic {unknown}
 q - a potion of heal wounds
 r - a potion of curing


   Skills:
 * Level 4.9 Fighting
 * Level 6.8 Long Blades
 + Level 1.8 Throwing
 - Level 4.0 Armour
 + Level 2.8 Dodging
 - Level 4.0 Shields


You had 6 spell levels left.
You didn't know any spells.
Your spell library was empty.

Dungeon Overview and Level Annotations

Branches:
Dungeon (4/15) Zot: 777
 Temple: D:4-7

Altars:

Portals:
Abyss: D:4

Annotations:
D:4 1 transporter, Aldia's ghost, novice OpTm; Dowan


Innate Abilities, Weirdness & Mutations

You passively map a small area around you.
You are easily found by Zot.
You glow in the dark.
You regain HP and MP as you explore.


Message History

Dowan is lightly wounded.
Dowan gestures wildly while chanting.
Dowan blinks!
Dowan hits you with a +0 dagger.
You hit Dowan.
Dowan is moderately wounded.
Dowan casts a spell.
Dowan blinks!
You miss Dowan.
Dowan is moderately wounded.
Dowan mumbles some strange words.
Dowan blinks!
A goblin comes into view. It is wielding a +0 dagger.
The goblin shouts!
You hear a shout!
Dowan mumbles some strange words.
Dowan blinks!
You hear a shout!
Things that are here:
a +0 club; an orc corpse Your extra speed is starting to run out.
Things that are here:
a +0 club; a ball python corpse
Things that are here:
a +0 club; an orc corpse You hit the goblin.
You kill the goblin!
An ogre comes into view. It is wielding a +0 giant club.
You see here a +0 dagger.
You block the ogre's attack.
You hit the ogre.
The ogre is moderately wounded.
You feel yourself slow down.
You barely miss the ogre.
The ogre is moderately wounded.
The ogre hits you with a +0 giant club!!
* * * LOW HITPOINT WARNING * * *
You hit the ogre.
The ogre is moderately wounded.
The ogre hits you with a +0 giant club!
You die...

### ,* ,, ** , , *
,* .. .. ** * >#*
#..** * , ** .# #...
* , .##..#
########### ** ,
.....#.#.#.).#.#.#
##
##.....##.#.)#..#.##
.#
#..#...#,#.@###).#.#
.#####.#....##.O##
##.)##
....)))).#..#.e#*
##†.###
....##.##...#..
##...#
........#...#. *,
#..#.#
#..#........##,
#..##.#
##.......#..# ,
*#..# #.#
............# , ,
#..# #.#
###.b.......# * ...#
#.#


You could see an ogre and Dowan (fast).

Vanquished Creatures
  Edmund (D:4)
  Duvessa (D:4)
  A howler monkey (D:4)
  A hound (D:3)
  An orc priest (D:4)
  An orc wizard (D:4)
  An iguana (D:4)
  Robin (D:3)
  7 adders
  3 worms
  6 orcs
  3 bats (D:1)
  6 endoplasms
  A giant cockroach (D:2)
  17 goblins
  2 hobgoblins (D:3)
  2 quokkas
  9 ball pythons
  2 frilled lizards
  6 kobolds
72 creatures vanquished.

Notes
Turn   | Place    | Note
-------+----------+-------------------------------------------
     0 | D:1      | tilp the Meteoran Fighter began the quest for the Orb.
     0 | D:1      | Reached XP level 1. HP: 19/19 MP: 2/2
    20 | D:1      | Reached XP level 2. HP: 2/26 MP: 3/3
    66 | D:1      | Reached skill level 3 in Long Blades
   124 | D:1      | Reached skill level 1 in Dodging
   173 | D:2      | Reached XP level 3. HP: 31/31 MP: 4/4
   561 | D:3      | Reached XP level 4. HP: 5/40 MP: 5/5
   623 | D:4      | Noticed a scorpion
   639 | D:3      | Reached skill level 4 in Long Blades
   697 | D:3      | Reached XP level 5. HP: 45/46 MP: 6/6
   823 | D:3      | Noticed Robin
   865 | D:3      | Killed Robin
   980 | D:4      | Reached skill level 5 in Long Blades
  1271 | D:4      | Found a transporter.
  1273 | D:4      | Noticed Edmund
  1287 | D:4      | Killed Edmund
  1288 | D:4      | Reached skill level 6 in Long Blades
  1288 | D:4      | Reached XP level 6. HP: 49/52 MP: 7/7
  1332 | D:4      | Reached skill level 1 in Throwing
  1332 | D:4      | Reached XP level 7. HP: 32/60 MP: 8/8
  1361 | D:4      | Found a one-way gate to the infinite horrors of the Abyss.
  1361 | D:4      | Noticed Aldia's ghost (novice OpTm)
  1517 | D:4      | Noticed Duvessa
  1519 | D:4      | Noticed Dowan
  1538 | D:4      | Killed Duvessa
  1564 | D:4      | Slain by an ogre

Illustrated notes

Levels and vault maps discovered:
D:1:      mrwooster_arrival_statue, layout_rooms
D:2:      minmay_alternating_diamond, layout_rooms
D:3:      layout_basic, uniq_robin
D:4:      minmay_diamond_boxcup, layout_rooms,
          mainiacjoe_overflow_small_starburst, lemuel_crystal_altar,
          mainiacjoe_overflow_brackets, gammafunk_ghost_abyssal_escape,
          uniq_duvessa, uniq_crazy_yiuf_cottage, uniq_edmund, uniq_eustachio

Skill      XL: |  1  2  3  4  5  6  7 |
---------------+----------------------+-----
Long Blades    | 3 4 6 |  6.8
Dodging        | 1 2 |  2.8
Fighting       | 4 |  4.9
Throwing       | 1 |  1.8
Armour         | 4 |  4.0
Shields        | 4 |  4.0

Action                     |  1- 3 |  4- 6 |  7- 9 || total
---------------------------+-------+-------+-------++-------
  Melee: Long sword        |   104 |   137 |    80 ||   321
  Throw: Dart              |       |       |     1 ||     1
    Use: Potion            |     4 |     3 |     2 ||     9
         Scroll            |       |     6 |     3 ||     9
 Armour: Scale mail        |    79 |    90 |    45 ||   214
         Skin              |       |     1 |       ||     1
  Dodge: Dodged            |    44 |    53 |    28 ||   125
  Block: Buckler           |    33 |    44 |    22 ||    99

Table legend: (Time is in decaauts)
 A = Elapsed time spent in this place.
 B = Non-inter-level travel time spent in this place.
 C = Inter-level travel time spent in this place.
 D = Time resting spent in this place.
 E = Time spent auto-exploring this place.
 F = Levels seen in this place.
 G = Mean time per level.
                   A        B        C        D        E       F      G
               +--------+--------+--------+--------+--------+-----+--------+
         Total |   1621 |   1433 |    188 |     36 |      0 |   4 |  405.2 |
       Dungeon |   1621 |   1433 |    188 |     36 |      0 |   4 |  405.2 |
               +--------+--------+--------+--------+--------+-----+--------+

Top non-repeatable levels by time:
     D:3: 972 daAuts
     D:4: 337 daAuts
     D:1: 219 daAuts
     D:2: 92 daAuts
